 Dungeon Crawl Stone Soup version 0.25.1-2-g60ff931df9 (webtiles) character file.

Game seed: 3755492310433248989

20362 H0rd4k the Martial Artist (level 12, -1/75 HPs)
             Began as an Octopode Transmuter on Sept 24, 2020.
             Was an Initiate of Gozag.
             Slain by a four-headed hydra (8 damage)
             ... on level 4 of the Lair of Beasts.
             The game lasted 00:49:25 (22413 turns).

H0rd4k the Martial Artist (Octopode Transmuter)    Turns: 22413, Time: 00:49:25

Health: -1/75      AC:  4    Str: 10    XL:     12   Next: 78%
Magic:  0/24       EV: 16    Int: 23    God:    Gozag
Gold:   979        SH:  0    Dex: 11    Spells: 3/28 levels left

rFire    x . .     SeeInvis .     - Unarmed
rCold    . . .     Gourm    .   (no shield)
rNeg     + + .     Faith    .   (helmet restricted)
rPois    +         Spirit   +   k - amulet of guardian spirit
rElec    .         Reflect  .   m - +4 ring of slaying
rCorr    +         Harm     .   x - ring "Xosmiusam" {rF- rN++ rCorr Int+4 Stlth+}
MR       .....                  w - ring of poison resistance
Stlth    ++++++....             (no ring)
HPRegen  0.22/turn              (no ring)
MPRegen  0.19/turn              (no ring)
                                (no ring)
                                (no ring)

@: about to teleport
A: almost no armour, stealthy swim, amphibious, 8 rings, constrict 8, thin
metallic scales 1, camouflage 1, clumsy 1, shaggy fur 1, gelatinous body 1
a: Potion Petition, Call Merchant, Bribe Branch, Renounce Religion


You were on level 4 of the Lair of Beasts.
You worshipped Gozag.
Gozag was pleased with you.
You were very hungry.

You visited 2 branches of the dungeon, and saw 16 of its levels.
You also visited: Volcano.

You collected 2741 gold pieces.
You spent 1048 gold pieces at shops.
You paid 714 gold pieces to Gozag.

Inventory:

Hand Weapons
 A - the +2 flail of Tuluwa Cuy {flame, rC+ Int+2}
   (You found it on level 4 of the Lair of Beasts)

   It has been specially enchanted to burn those struck by it, causing extra
   injury to most foes and up to half again as much damage against particularly
   susceptible opponents.
   It affects your intelligence (+2).
   It protects you from cold.
Missiles
 a - 152 arrows
Magical Staves
 F - an uncursed staff of death
Jewellery
 k - an amulet of guardian spirit (around mantle)
 m - a +4 ring of slaying (left tentacle)
 w - a ring of poison resistance (on tentacle)
 x - the ring "Xosmiusam" (right tentacle) {rF- rN++ rCorr Int+4 Stlth+}
   (You bought it in a shop on level 10 of the Dungeon)

   [ring of resist corrosion]

   It affects your intelligence (+4).
   It makes you vulnerable to fire.
   It greatly protects you from negative energy.
   It provides partial protection from all sources of acid and corrosion.
   It makes you more stealthy.
Wands
 g - a wand of clouds (10)
 l - a wand of flame (47)
 y - a wand of random effects (25)
Scrolls
 b - 2 scrolls of fog
 f - 8 scrolls of remove curse
 h - 8 scrolls of identify
 n - 2 scrolls of teleportation
 q - a scroll of amnesia
 s - a scroll of fear
 z - a scroll of vulnerability {unknown}
 B - a scroll of magic mapping
 D - a scroll of blinking {unknown}
 E - a scroll of brand weapon {unknown}
Potions
 d - a potion of brilliance
 e - a potion of flight
 i - a potion of heal wounds
 j - 2 potions of ambrosia
 o - a potion of curing
 p - 2 potions of stabbing
 r - 2 potions of cancellation
 t - a potion of magic
 u - 2 potions of might
 v - 2 potions of lignification
Miscellaneous
 C - a phial of floods
Comestibles
 c - 12 rations


   Skills:
 + Level 4.4 Fighting
 + Level 6.1 Dodging
 + Level 8.5 Stealth
 + Level 12.2 Unarmed Combat
 + Level 8.9 Spellcasting
 + Level 3.6 Hexes
 + Level 0.2 Charms
 + Level 8.5 Transmutations
 * Level 1.3 Fire Magic
 + Level 4.2 Ice Magic
 + Level 3.1 Poison Magic
 + Level 1.7 Evocations


You had 3 spell levels left.
You knew the following spells:

 Your Spells              Type           Power        Failure   Level  Hunger
a - Ozocubu's Armour      Chrm/Ice       ###.....     8%          3    None
b - Sticks to Snakes      Tmut           #####...     1%          2    None
c - Spider Form           Tmut/Pois      #####.....   1%          3    None
e - Blade Hands           Tmut           #####.....   5%          5    ####...
f - Ignite Poison         Fire/Tmut/Pois ####....     3%          3    None
g - Yara's Violent Unrav  Hex/Tmut       #####.....   14%         5    ####...
h - Olgreb's Toxic Radia  Pois           ###.....     17%         4    ##.....

Your spell library contained the following spells:

 Spells                   Type           Power        Failure   Level  Hunger
 Beastly Appendage        Tmut           #####.       1%          1    None
 Corona                   Hex            ####...      1%          1    None
 Freeze                   Ice            ####         1%          1    None
 Sting                    Tmut/Pois      ####         1%          1    None
 Ensorcelled Hibernation  Hex/Ice        ####..       1%          2    None
 Frozen Ramparts          Ice            ####..       3%          3    None
 Poisonous Vapours        Pois/Air       ###...       4%          2    None
 Confusing Touch          Hex            ####....     4%          3    None
 Tukima's Dance           Hex            ####....     4%          3    None
 Dazzling Flash           Conj/Hex       ###...       9%          3    None
 Mephitic Cloud           Conj/Pois/Air  ###.....     12%         3    None
 Gell's Gravitas          Tloc           ##........   19%         3    None
 Ice Form                 Ice/Tmut       #####...     4%          4    ##.....
 Petrify                  Tmut/Erth      ####....     11%         4    ##.....
 Hailstorm                Conj/Ice       ###.....     26%         4    ##.....
 Summon Ice Beast         Ice/Summ       ###.....     26%         4    ##.....
 Metabolic Englaciation   Hex/Ice        ####......   34%         5    ####...


Dungeon Overview and Level Annotations

Branches:
Dungeon (11/15)            Temple (0/1) D:5            Lair (5/6) D:10
  Swamp (0/4) Lair:4        Snake (0/4) Lair:2        Slime (0/5) Lair:5
Volcano (visited)
    Orc: D:9-12

Altars:
Cheibriados
Elyvilon
Gozag
Qazlal
Sif Muna
Trog
Wu Jian
The Shining One
Jiyva

Shops:
D:8 (   D:10 =

Annotations:
D:2 exclusion: downstairs
D:3 exclusion: downstairs
D:4 exclusion: downstairs
D:6 exclusion: oklob plant
D:7 exclusion: ice statue, Harold
D:10 exclusion: 2 downstairs
Lair:2 3 runed translucent doors, Sondor's ghost, journeyman DsGl
Lair:3 Nergalle
Lair:4 exclusion: 2 downstairs


Innate Abilities, Weirdness & Mutations

You cannot wear most types of armour.
You are very stealthy in the water. (Stealth+)
You are amphibious.
You can wear up to eight rings at the same time.
You can use your tentacles to constrict eight enemies at once.
Your skin changes colour to match your surroundings (Stealth+).
Your rubbery body absorbs attacks. (AC +1, EV +1)
You are partially covered in thin metallic scales. (AC +2)
You are clumsy. (Dex -2)
You are covered in fur. (AC +1)


Message History

Your icy armour evaporates.
The four-headed hydra bites you. x3; The four-headed hydra misses you.
There is an escape hatch in the ceiling here.
The four-headed hydra bites you. The four-headed hydra misses you.
The four-headed hydra bites you! x2
A mysterious force pulls you upwards. The hatch slams shut behind you.
Level annotation: exclusion: 2 downstairs The four-headed hydra seems to return to its normal shape.
As you read the scroll of teleportation, it crumbles to dust.
You feel strangely unstable. The four-headed hydra bites you!
* * * LOW HITPOINT WARNING * * *
The four-headed hydra bites you!
* * * LOW HITPOINT WARNING * * *
The four-headed hydra bites you.
* * * LOW HITPOINT WARNING * * *
The four-headed hydra completely misses you.
The four-headed hydra closely misses you.
The four-headed hydra bites you!
You die...
Your body crumbles into a pile of gold.

#####
#####.@.###
##.#....D..##
#...........##
##...........#
#..........##
# ###P.......#
### ##P..#####
##.. ##..##
#... #....#
#...


You could see a four-headed hydra.

Vanquished Creatures
  A queen ant (Lair:2)
  A manticore (D:11)
  An ugly thing (D:11)
  2 centaur zombies
  3 black mambas
  Maggie (D:7)
  2 spiny frogs
  3 komodo dragons (Lair:1)
  A merfolk (D:9)
  A troll (D:9)
  A queen bee (D:9)
  5 hippogriffs
  3 wyverns
  A wraith (D:11)
  17 yaks
  2 vampire mosquitoes (D:11)
  Edmund (D:5)
  10 water moccasins
  21 soldier ants
  2 hell hounds (Lair:2)
  7 porcupines
  3 sky beasts
  A necrophage (D:9)
  4 centaurs
  9 ogres
  A phantom (D:7)
  6 wolves
  12 crocodiles
  9 bullfrogs
  2 big kobolds
  4 scorpions
  13 killer bees (D:9)
  4 wights (D:9)
  2 crimson imps
  3 bullfrog zombies
  2 quasits
  A bullfrog skeleton (D:10)
  4 jellies
  13 orc wizards
  7 orc priests
  4 hounds
  Natasha (twice) (D:4)
  7 iguanas
  18 worker ants
  2 killer bee zombies (D:7)
  A hound skeleton (D:7)
  A worker ant zombie (D:9)
  A howler monkey skeleton (D:4)
  19 adders
  8 gnolls
  A shadow imp (D:11)
  4 oozes
  2 adder skeletons
  8 worms
  3 dart slugs
  5 leopard geckos
  51 orcs
  2 ball pythons
  8 bats
  9 giant cockroaches
  6 goblins
  8 hobgoblins
  8 jackals
  5 quokkas
  3 frilled lizards
  A jackal zombie (D:7)
  14 kobolds
  A quokka skeleton (D:5)
  5 rats
  11 plants
404 creatures vanquished.

Vanquished Creatures (collateral kills)
  An eye of draining (D:10)
  A centaur (D:10)
  An orc priest (D:11)
  An orc wizard (D:8)
  A worker ant (Lair:2)
  An orc (D:8)
6 creatures vanquished.

Vanquished Creatures (others)
  4 fungi
  A plant (Lair:2)
  6 toadstools (Lair:3)
11 creatures vanquished.

Grand Total: 421 creatures vanquished

Notes
Turn   | Place    | Note
-------+----------+-------------------------------------------
     0 | D:1      | H0rd4k the Octopode Transmuter began the quest for the Orb.
     0 | D:1      | Reached XP level 1. HP: 13/13 MP: 3/3
    66 | D:1      | Reached XP level 2. HP: 14/18 MP: 5/5
   574 | D:1      | Reached XP level 3. HP: 23/23 MP: 6/6
   909 | D:1      | Learned a level 2 spell: Sticks to Snakes
   913 | D:1      | Learned a level 3 spell: Spider Form
  1102 | D:2      | Found an ornate altar of the Wu Jian Council.
  1177 | D:2      | Reached skill level 1 in Stealth
  1403 | D:2      | Reached XP level 4. HP: 12/28 MP: 6/8
  3025 | D:3      | Reached skill level 4 in Unarmed Combat
  3025 | D:3      | Reached XP level 5. HP: 10/33 MP: 9/9
  4554 | D:4      | Noticed an ogre
  4563 | D:4      | Killed an ogre
  4563 | D:4      | Reached XP level 6. HP: 38/38 MP: 6/10
  4600 | D:4      | Noticed Natasha
  4617 | D:4      | Killed Natasha
  4732 | D:4      | Reached skill level 5 in Unarmed Combat
  4864 | D:4      | Noticed Natasha
  4881 | D:4      | Killed Natasha
  4881 | D:4      | Reached XP level 7. HP: 40/43 MP: 8/11
  5274 | D:4      | Found a shimmering blue altar of Sif Muna.
  5405 | D:5      | Entered Level 5 of the Dungeon
  5751 | D:5      | Reached skill level 6 in Unarmed Combat
  5799 | D:5      | Found a snail-covered altar of Cheibriados.
  5923 | D:5      | Noticed Edmund
  6547 | D:5      | Found a staircase to the Ecumenical Temple.
  6573 | D:5      | Reached XP level 8. HP: 30/49 MP: 6/13
  6757 | D:5      | Killed Edmund
  6757 | D:5      | Reached skill level 1 in Poison Magic
  6835 | D:6      | Found a stormy altar of Qazlal.
  6835 | D:6      | Found a bloodstained altar of Trog.
  6835 | D:6      | Found a white marble altar of Elyvilon.
  8034 | D:6      | Reached skill level 5 in Stealth
  8078 | D:6      | Reached skill level 7 in Unarmed Combat
  8122 | D:6      | Noticed a hippogriff
  8143 | D:6      | Killed a hippogriff
  8143 | D:6      | Reached skill level 5 in Transmutations
  8143 | D:6      | Reached XP level 9. HP: 28/55 MP: 6/16
  8321 | D:6      | Found a shimmering blue altar of Sif Muna.
  8321 | D:6      | Noticed an oklob plant
  8625 | D:7      | Reached skill level 5 in Spellcasting
  8955 | D:7      | Noticed Harold
  8985 | D:7      | Found an opulent altar of Gozag.
  9052 | D:7      | Became a worshipper of Gozag Ym Sagoz the Greedy
  9235 | D:7      | Noticed Maggie
  9271 | D:7      | Killed Maggie
  9271 | D:7      | Reached skill level 8 in Unarmed Combat
  9641 | D:7      | Reached skill level 1 in Evocations
  9831 | D:7      | Noticed an ice statue
 10354 | D:8      | Found Niovagg's Weapon Shoppe.
 10521 | D:8      | Learned a level 1 spell: Sting
 10527 | D:8      | Learned a level 5 spell: Blade Hands
 10531 | D:8      | Learned a level 3 spell: Ignite Poison
 11279 | D:9      | Reached XP level 10. HP: 53/61 MP: 16/19
 11537 | D:9      | Found a glowing golden altar of the Shining One.
 11910 | D:9      | Reached skill level 9 in Unarmed Combat
 12326 | D:9      | Gained mutation: You are partially covered in thin metallic
                  | scales. (AC +2) [potion of mutation]
 12326 | D:9      | Gained mutation: You are covered in fur. (AC +1) [potion of
                  | mutation]
 12329 | D:9      | HP: 1/62 [killer bee (7)]
 12661 | D:9      | Learned a level 5 spell: Yara's Violent Unravelling
 12962 | D:10     | Entered Level 10 of the Dungeon
 13077 | D:10     | Reached skill level 5 in Dodging
 13401 | D:10     | Found a staircase to the Lair.
 13967 | D:11     | Noticed a manticore
 13981 | D:11     | Killed a manticore
 13981 | D:11     | Reached skill level 10 in Unarmed Combat
 13981 | D:11     | Reached XP level 11. HP: 47/67 MP: 11/21
 14505 | D:11     | Learned a level 4 spell: Olgreb's Toxic Radiance
 14836 | D:11     | Noticed a purple ugly thing
 14847 | D:11     | Killed a purple ugly thing
 15088 | D:11     | Noticed a two-headed ogre
 15092 | D:11     | Noticed a five-headed hydra
 15147 | D:10     | Learned a level 3 spell: Ozocubu's Armour
 15244 | Lair:1   | Entered Level 1 of the Lair of Beasts
 15282 | Lair:1   | Reached skill level 1 in Hexes
 15282 | Lair:1   | Reached skill level 1 in Ice Magic
 17287 | Lair:2   | Found a dark tunnel.
 17293 | Volcano  | Entered a volcano
 17643 | Lair:2   | Reached skill level 11 in Unarmed Combat
 17690 | Lair:2   | Found a staircase to the Snake Pit.
 17978 | Lair:2   | Reached XP level 12. HP: 55/74 MP: 9/24
 18199 | Lair:2   | Found a runed translucent gate.
 18201 | Lair:2   | Found a runed translucent gate.
 18201 | Lair:2   | Found a runed translucent gate.
 18202 | Lair:2   | Noticed a death ooze
 18202 | Lair:2   | Noticed Sondor's ghost (journeyman DsGl)
 18208 | Lair:2   | Found a viscous altar of Jiyva.
 18318 | Lair:2   | Noticed a queen ant
 18895 | Lair:2   | Killed a queen ant
 20141 | D:10     | Bought an uncursed ring of poison resistance for 340 gold
                  | pieces
 20141 | D:10     | Bought the ring "Xosmiusam" {rF- rN++ rCorr Int+4 Stlth+}
                  | for 708 gold pieces
 20471 | Lair:3   | Noticed Nergalle
 21193 | Lair:4   | Got a smoking flail
 21270 | Lair:4   | Identified the cursed +2 flail of Tuluwa Cuy {flame, rC+
                  | Int+2} (You found it on level 4 of the Lair of Beasts)
 21404 | Lair:4   | Reached skill level 12 in Unarmed Combat
 21405 | Lair:4   | Found a staircase to the Swamp.
 21997 | Lair:5   | Reached skill level 1 in Fire Magic
 22149 | Lair:5   | Noticed a four-headed hydra
 22165 | Lair:5   | Noticed a four-headed hydra
 22345 | Lair:5   | Found a viscous altar of Jiyva.
 22346 | Lair:5   | Found a staircase to the Slime Pits.
 22373 | Lair:5   | Gained mutation: You are clumsy. (Dex -2) [you]
 22413 | Lair:4   | Slain by a four-headed hydra

Illustrated notes

Levels and vault maps discovered:
D:1:      dpeg_arrival_court, layout_loops_corners
D:2:      layout_basic, nicolae_overflow_hidden_temple,
          chequers_serial_rivers_micro_b, minmay_misc_feat_square,
          minmay_split_cup_large
D:3:      layout_basic, first_ration
D:4:      layout_rooms, kennysheep_little_box, uniq_natasha
D:5:      layout_loops_ring, old_standard_altar,
          minmay_temple_entry_from_below_a, uniq_edmund
D:6:      layout_cave_pods, gammafunk_temple_overflow_claw, lemuel_oklob_altar
D:7:      lemuel_ice_statue, layout_rooms,
          nicolae_gozag_cash_rules_everything_around_me, uniq_harold,
          uniq_maggie
D:8:      layout_basic, serial_shops, kennysheep_mini_moat
D:9:      layout_roguey, tso_altar, special_room [special_room_bee],
          hangedman_fish_farm
D:10:     layout_basic, dpeg_oklobed_lair, grunt_ministairs_6
D:11:     layout_irregular_city
Lair:1:   wad_woods_04, layout_misc_corridors, grunt_megastairs_3
Lair:2:   layout_long_grid, minmay_snake_entry_six_corridors, enter_volcano_3,
          gammafunk_ghost_ooze, st_stairs_4, minivault_29
Lair:3:   gammafunk_lair_enchanted_lake, layout_long_grid, uniq_nergalle
Lair:4:   layout_cave_pods, swamp_mist_pool, infiniplex_staircase_pool
Lair:5:   layout_cellular_growth, slime_altar_1, beast_lair_carwin_11

Skill      XL: |  1  2  3  4  5  6  7  8  9 10 11 12 |
---------------+-------------------------------------+-----
Stealth        | 1 2 3 4 5 6 7 8 |  8.5
Unarmed Combat | 4 5 6 7 8 10 11 12 | 12.2
Spellcasting   | 3 4 6 7 8 |  8.9
Transmutations | 3 4 5 6 7 8 |  8.5
Dodging        | 3 4 5 6 |  6.1
Poison Magic   | 1 2 3 |  3.1
Fighting       | 2 3 4 |  4.4
Evocations     | 1 |  1.7
Hexes          | 2 3 |  3.6
Ice Magic      | 2 4 |  4.2
Fire Magic     | 1 |  1.3
Charms         | |  0.2

Action                   |  1- 3 |  4- 6 |  7- 9 | 10-12 || total
-------------------------+-------+-------+-------+-------++-------
Melee: Unarmed           |    66 |   179 |   323 |   724 ||  1292
       Constrict         |    17 |    49 |    62 |    88 ||   216
       Tentacles         |     9 |    41 |    49 |   117 ||   216
       Kick              |     1 |    20 |    53 |    12 ||    86
       Punch             |       |     7 |    11 |    47 ||    65
 Cast: Beastly Appendage |     2 |     9 |    25 |     6 ||    42
       Spider Form       |       |     1 |     8 |    12 ||    21
       Sticks to Snakes  |       |     2 |     5 |    19 ||    26
       Sting             |       |       |       |     7 ||     7
       Blade Hands       |       |       |       |    30 ||    30
       Ignite Poison     |       |       |       |     4 ||     4
       Ozocubu's Armour  |       |       |       |     6 ||     6
       Olgreb's Toxic Ra |       |       |       |     2 ||     2
       Yara's Violent Un |       |       |       |     1 ||     1
Invok: Call Merchant     |       |       |       |     1 ||     1
Evoke: Wand              |       |       |     8 |    12 ||    20
  Use: Scroll            |     4 |     1 |       |    15 ||    20
       Potion            |       |       |     3 |    10 ||    13
 Stab: Sleeping          |     6 |     7 |    23 |    21 ||    57
       Distracted        |       |       |     1 |     4 ||     5
  Eat: Chunk             |     1 |     8 |    15 |     1 ||    25
       Ration            |       |     1 |     2 |    12 ||    15
Armor: Skin              |     4 |    17 |     6 |    42 ||    69
Dodge: Dodged            |    36 |   124 |   200 |   396 ||   756
